 Dungeon Sprint DCSS version 0.19.0-11-g3fc08b3 (webtiles) character file.

52 Groucho the Skirmisher (level 3, -8/60 HPs)
             Began as a Hill Orc Fighter on Nov 8, 2016.
             Drowned by a water elemental (9 damage)
             ... in the Dungeon (Sprint III: "The Ten Rune Challenge").
             The game lasted 00:01:27 (488 turns).

Groucho the Skirmisher (Hill Orc Fighter)            Turns: 488, Time: 00:01:28

Health: -8/60      AC: 10    Str: 22    XL:     3   Next: 85%
Magic:  3/3        EV:  7    Int: 10    God:
Gold:   24         SH: 10    Dex: 10    Spells: 0 memorised, 2 levels left

rFire  . . .     SeeInvis .     a - +0 war axe
rCold  . . .     Gourm    .     b - +0 scale mail
rNeg   . . .     Faith    .     c - +0 shield
rPois  .         Spirit   .     (no helmet)
rElec  .         Reflect  .     g - +0 cloak
rCorr  .         Harm     .     (no gloves)
MR     .....     NoTele   +     (no boots)
Stlth  ..........               (no amulet)
                                (no ring)
                                (no ring)

@: berserking, engulfed (cannot breathe), very quick
A: claws 1, iridescent scales 1, clever 1, robust 1, slow regeneration 1, weak 1
a: no special abilities


You were in the Dungeon.
You were not hungry.

You visited 1 branch You collected 24 gold pieces.

Inventory:

Hand Weapons
 a - a +0 war axe (weapon)
Armour
 b - a +0 scale mail (worn)
 c - a +0 shield (worn)
 g - a +0 cloak (worn)
Scrolls
 k - a scroll of blinking
 n - a scroll of holy word {unknown}
 o - 2 scrolls of identify {unknown}
 p - 3 scrolls of remove curse
 t - a scroll of torment {unknown}
Potions
 d - a potion of might
 h - a potion of haste
 i - 2 potions of magic
 r - a potion of cure mutation {unknown}
 s - 3 potions of flight
Comestibles
 f - a bread ration
 l - a meat ration
 q - 2 royal jellies


   Skills:
 + Level 5.7 Fighting
 + Level 5.3 Axes
 + Level 5.0 Armour
 + Level 5.1 Shields


You had 2 spell levels left.
You didn't know any spells.

Dungeon Overview and Level Annotations

Branches:
Dungeon (1/1)

Altars:


Innate Abilities, Weirdness & Mutations

You have sharp fingernails.
You are partially covered in iridescent scales. (AC +2)
Your mind is acute. (Int +2)
You are robust. (+10% HP)
You regenerate slowly when monsters are visible.
You are weak. (Str -2)


Message History

The water elemental closely misses you.
You feel much better.
Your lungs strain for air!
The water elemental barely misses you.
A red film seems to cover your vision as you go berserk!
You feel yourself moving faster!
You feel mighty!
Your lungs strain for air!
The water elemental hits you.
You slash the water elemental!
The water elemental is heavily damaged.
* * * LOW HITPOINT WARNING * * *
Your lungs strain for air!
The water elemental hits you!
* * * LOW HITPOINT WARNING * * *
You are too injured to fight recklessly!
You are too injured to fight recklessly!
You are too injured to fight recklessly!
Your shield and scale mail prevent you from hitting the water elemental.
The water elemental is heavily damaged.
You die...

▓▓▓▓▓▓▓▓▓▓▓ ▓▓▓
.#..'.....♣♣ ♣.#
.#..#....♣.♣ ♣♣.#
'####......♣ ♣..#
....#....≈♣♣♣♣..###+#+##
....#)..≈≈.♣.♣..#.......
....#..≈≈≈≈.♣♣..@.⌠.....
###'#..≈≈≈≈≈≈♣♣.#E..####
...†#.≈≈≈≈≈≈....#.⌠.#
....#.≈≈≈≈≈.....#...#
....#.≈≈≈.......#+###
#####...........#
................#
▓▓▓▓▓▓▓▓▓▓▓▓▓▓▓▓▓


You could see a water elemental.

Vanquished Creatures
  Crazy Yiuf (D)
  A human (D)
  An ooze (D)
  3 rats (D)
6 creatures vanquished.

Vanquished Creatures (others)
  2 draconian scorchers (D)
  6 hellions (D)
  A yaktaur (D)
9 creatures vanquished.

Grand Total: 15 creatures vanquished

Notes
Turn   | Place    | Note
-------+----------+-------------------------------------------
     0 | D        | Groucho the Hill Orc Fighter began the quest for the Orb.
     0 | D        | Reached XP level 1. HP: 19/19 MP: 1/1
    16 | D        | Reached XP level 2. HP: 27/27 MP: 2/2
    53 | D        | Reached skill level 5 in Fighting
    53 | D        | Reached XP level 3. HP: 27/36 MP: 3/3
    82 | D        | Killed a hellion
   122 | D        | Killed a hellion
   138 | D        | Killed a hellion
   171 | D        | Killed a yaktaur
   172 | D        | Killed a hellion
   174 | D        | Killed a hellion
   210 | D        | Killed a white draconian scorcher
   250 | D        | Killed a white draconian scorcher
   261 | D        | Killed a hellion
   265 | D        | Noticed Crazy Yiuf
   271 | D        | Killed Crazy Yiuf
   271 | D        | Reached skill level 5 in Axes
   271 | D        | Reached skill level 5 in Armour
   271 | D        | Reached skill level 5 in Shields
   314 | D        | Gained mutation: You are weak. (Str -2) [potion of mutation]
   314 | D        | Gained mutation: You have sharp fingernails. [potion of mutation]
   314 | D        | Gained mutation: You are partially covered in iridescent scales. (AC +2) [potion of mutation]
   315 | D        | Gained mutation: You regenerate slowly when monsters are visible. [potion of mutation]
   315 | D        | Gained mutation: You are robust. (+10% HP) [potion of mutation]
   315 | D        | Gained mutation: Your mind is acute. (Int +2) [potion of mutation]
   480 | D        | Noticed a water elemental
   487 | D        | HP: 1/60 [water elemental (17)]
   488 | D        | Drowned by a water elemental

Skill      XL: |  1  2  3 |
---------------+----------+-----
Fighting       | 4 5 |  5.7
Axes           | 3 4 5 |  5.3
Shields        | 4 5 |  5.1
Armour         | 4 5 |  5.0

Action                   || total
-------------------------++-------
Melee: War axe           ||    36
  Use: Potion            ||     6
Armor: Scale mail        ||    11
Dodge: Dodged            ||    11
Block: Shield            ||    20
